 Dungeon Crawl Stone Soup version 0.27.1-33-g824d729ab1 (webtiles) character file.

Game seed: 9296728044942365065

100 styxcanada the Sneak (level 4, -8/23 HPs)
             Began as a Spriggan Brigand on Dec 17, 2021.
             Killed by nerve-wracking pain
             ... invoked by Grinder
              (10 damage)
             ... on level 3 of the Dungeon.
             The game lasted 00:08:34 (2112 turns).

styxcanada the Sneak (Spriggan Brigand)             Turns: 2112, Time: 00:08:34

Health: -8/23      AC:  3    Str:  7    XL:     4   Next: 46%
Magic:  5/5        EV: 17    Int: 12    God:
Gold:   84         SH:  0    Dex: 17    Spells: 3/3 levels left

rFire    . . .     SeeInvis +   a - +3 dagger
rCold    . . .     Faith    .   (shield restricted)
rNeg     . . .     Spirit   .   b - +0 robe
rPois    .         Reflect  .   (helmet restricted)
rElec    .         Harm     .   c - +0 cloak
rCorr    .         Rampage  .   (gloves unavailable)
Will     .....                  (boots unavailable)
Stlth    ++++......             (no amulet)
HPRegen  0.07/turn              (no ring)
MPRegen  0.09/turn              (no ring)

@: very quick
A: very small, no large weapons, unfitting armour, see invisible, speed 3
a: no special abilities


You were on level 3 of the Dungeon.
You visited 1 branch of the dungeon, and saw 3 of its levels.

You collected 84 gold pieces.

Inventory:

Hand Weapons
 a - a +3 dagger (weapon)
Missiles
 d - 2 poisoned darts (quivered)
 e - 2 curare-tipped darts
 f - 95 stones
 h - 6 boomerangs
Armour
 b - a +0 robe (worn)
 c - a +0 cloak (worn)
Scrolls
 g - 3 scrolls of teleportation
 n - a scroll of enchant weapon
Potions
 i - 3 potions of brilliance
 j - 2 potions of invisibility {unknown}
 k - a potion of heal wounds {unknown}
 l - a potion of curing {unknown}


   Skills:
 * Level 2.1 Fighting
 + Level 2.6 Short Blades
 + Level 2.3 Throwing
 * Level 2.3 Dodging
 * Level 7.6 Stealth


You had 3 spell levels left.
You didn't know any spells.
Your spell library was empty.

Dungeon Overview and Level Annotations

Branches:
Dungeon (3/15)

Altars:
Ashenzari

Annotations:
D:3 Grinder


Innate Abilities, Weirdness & Mutations

You are very small and have problems with some larger weapons.
You are too small for most types of armour.
You have supernaturally acute eyesight. (SInv)
You cover ground extremely quickly. (Speed+++)


Message History

Press: ? - help, Q - select action, (/) - cycle Shift-Dir - straight line, f/p - Grinder
Aim: Grinder (lightly wounded, 58% to hit)
You throw a poisoned dart. The poisoned dart hits Grinder.
Grinder is lightly wounded.
Grinder gestures at you.
You struggle to resist.
Throw: 2 darts (poison)
Press: ? - help, Q - select action, (/) - cycle Shift-Dir - straight line, f/p - Grinder
Aim: Grinder (lightly wounded, 58% to hit)
You throw a poisoned dart. The poisoned dart hits Grinder!
Grinder is lightly wounded.
An orc comes into view. It is wielding a +0 flail.
Found a stone staircase leading up.
An orc comes into view. It is wielding a +0 whip.
The orc shouts!
An orc comes into view. It is wielding a +0 hand axe.
Throw: dart (poison)
Press: ? - help, Q - select action, (/) - cycle Shift-Dir - straight line, f/p - Grinder
Aim: Grinder (lightly wounded, 58% to hit)
You throw a poisoned dart. The poisoned dart hits Grinder.
Grinder is lightly wounded.
The orc shouts! x2
Grinder gestures at you.
You suddenly lose the ability to move!
An orc comes into view. It is wielding a +0 flail.
Grinder gestures at you. Pain shoots through your body!
The orc hits you but does no damage. Grinder gestures at you.
You resist with some effort. The orc hits you with a +0 whip.
* * * LOW HITPOINT WARNING * * *
The orc hits you with a +0 whip.
* * * LOW HITPOINT WARNING * * *
Grinder blinks!
You can move again.
You see here a poisoned dart.
d - 2 poisoned darts You see here a poisoned dart.
Grinder gestures at you. Pain shoots through your body!
You die...

.....5........#######
#.###...#####........
#.##.................
#.o.o..#5o###.#######
#.o#####.(.......#
....# #.........#
....# #(........#
.... #.........# .<.
#@........# ..
#((.......#
#.........#
#.........#
###########


You could see Grinder and an orc.

Vanquished Creatures
  2 adders
  An adder skeleton (D:2)
  2 adder zombies (D:2)
  3 worms (D:2)
  2 dart slugs (D:2)
  2 ball pythons
  A bat zombie (D:2)
  2 endoplasms
  3 giant cockroaches
  8 goblins
  6 hobgoblins
  4 kobolds
  A quokka (D:2)
  A ball python skeleton (D:2)
  8 bats
  8 frilled lizards
  A giant cockroach zombie (D:2)
  2 quokka skeletons (D:2)
  A quokka zombie (D:2)
  4 rats
62 creatures vanquished.

Vanquished Creatures (others)
  A fungus (D:1)
  2 plants (D:1)
  3 withered plants (D:2)
6 creatures vanquished.

Grand Total: 68 creatures vanquished

Notes
Turn   | Place    | Note
-------+----------+-------------------------------------------
     0 | D:1      | styxcanada the Spriggan Brigand began the quest for the
                  | Orb.
     0 | D:1      | Reached XP level 1. HP: 10/10 MP: 2/2
    84 | D:1      | Reached skill level 6 in Stealth
   233 | D:1      | Reached XP level 2. HP: 11/15 MP: 3/3
   309 | D:1      | Found a faded altar of an unknown god.
   815 | D:2      | Reached XP level 3. HP: 13/18 MP: 4/4
  1119 | D:2      | Reached skill level 7 in Stealth
  1324 | D:2      | Reached XP level 4. HP: 17/23 MP: 5/5
  1998 | D:3      | Found a broken altar of Ashenzari.
  2058 | D:3      | Noticed Grinder
  2077 | D:3      | Paralysed by Grinder for 4 turns
  2096 | D:3      | Paralysed by Grinder for 6 turns
  2101 | D:3      | HP: 1/23 [orc (2)]
  2112 | D:3      | Killed from afar by Grinder

Illustrated notes

Levels and vault maps discovered:
D:1:      dpeg_arrival_simpleton_a, layout_rooms,
          shapermc_ecumenical_altar_mp_ritualfount, minmay_misc_feat_tiny
D:2:      layout_basic, serial_undead, serial_undead_f, serial_undead_c,
          serial_undead_b, serial_undead_d, serial_undead_e, serial_undead_b
D:3:      layout_rooms, overflow_temple_1_default, uniq_grinder

Skill      XL: |  1  2  3 |
---------------+----------+-----
Stealth        | 6 7 |  7.6
Dodging        | 2 |  2.3
Fighting       | 2 |  2.1
Short Blades   | |  2.6
Throwing       | |  2.3

Action                   |  1- 3 |  4- 6 || total
-------------------------+-------+-------++-------
Melee: Dagger            |   130 |    53 ||   183
Throw: Dart              |     8 |    21 ||    29
  Use: Scroll            |     3 |     2 ||     5
 Stab: Sleeping          |    14 |     5 ||    19
Armor: Robe              |    11 |    15 ||    26
Dodge: Dodged            |    82 |    31 ||   113
